General information
- name: BNet
- type: Ladder team game (AT/RT)
- host: Battle.net
- saver: Imbecile
map: Deadlands
- players: 8
- length: 22:05
- speed: Fast
- version: 1.27 W3XP
- replay type: Public
» download(164 KB)
Players
team 1 (loser)
Newguy (
purple | 52 APM | 714 actions | 13:45)
4 Dark Ranger
2 Black Arrow
2 Silence
» actions
| Assign group hotkey | 11 | |
| Basic commands | 62 | |
| Build / train | 51 | |
| ESC pressed | 2 | |
| Enter build submenu | 17 | |
| Enter hero's abilities submenu | 4 | |
| Give item / drop item | 1 | |
| Right click | 299 | |
| Select / deselect | 182 | |
| Select group hotkey | 30 | |
| Use ability | 55 | |
714 total
» units
» upgrades
| Strength of the Wild | 1 | |
| Reinforced Hides | 1 | |
| Abolish Magic | 1 | |
3 total
» buildings
| Moon Well | 3 | |
| Altar of Elders | 1 | |
| Ancient of War | 1 | |
| Tree of Ages | 2 | |
| Hunter's Hall | 1 | |
| Tree of Life | 1 | |
| Ancient Protector | 4 | |
| Ancient of Lore | 2 | |
| Ancient of Wind | 1 | |
| Ancient of Wonders | 2 | |
| Tree of Eternity | 1 | |
19 total
» build order
00:20 Moon Well
00:28 Altar of Elders
00:34 Ancient of War
01:15 Moon Well
02:58 Tree of Ages
02:58 Tree of Ages
03:41 Moon Well
04:46 Hunter's Hall
05:14 Tree of Life
06:09 Ancient Protector
06:28 Ancient of Lore
06:32 Ancient of Lore
06:37 Ancient of Wind
06:39 Ancient of Wonders
06:43 Ancient Protector
06:46 Ancient of Wonders
09:47 Tree of Eternity
10:13 Ancient Protector
10:15 Ancient Protector
» items

»
RaChAcUcA (
green | 83 APM | 1841 actions | 22:03)
2 Demon Hunter
1 Immolation
1 Mana Burn
2 Priestess of the Moon
1 Trueshot Aura
1 Scout
1 Dark Ranger
1 Life Drain
» actions
| Assign group hotkey | 32 | |
| Build / train | 80 | |
| Enter build submenu | 25 | |
| Enter hero's abilities submenu | 5 | |
| Remove unit from queue | 4 | |
| Right click | 691 | |
| Select / deselect | 505 | |
| Select group hotkey | 448 | |
| Use ability | 51 | |
1841 total
» units
| Wisp | 24 | |
| Archer | 10 | |
| Hippogryph | 5 | |
| Chimaera | 5 | |
| Huntress | 9 | |
53 total
» upgrades
| Strength of the Moon | 2 | |
| Moon Armor | 1 | |
| Nature's Blessing | 1 | |
| Hippogryph Taming | 1 | |
| Improved Bows | 1 | |
| Strength of the Wild | 2 | |
| Backpack | 1 | |
9 total
» buildings
| Altar of Elders | 1 | |
| Moon Well | 7 | |
| Ancient of War | 2 | |
| Tree of Ages | 1 | |
| Hunter's Hall | 1 | |
| Ancient of Wonders | 1 | |
| Ancient of Wind | 2 | |
| Tree of Life | 1 | |
| Ancient Protector | 3 | |
| Tree of Eternity | 1 | |
| Chimaera Roost | 3 | |
23 total
» build order
00:23 Altar of Elders
00:37 Moon Well
00:51 Ancient of War
03:02 Tree of Ages
03:11 Hunter's Hall
03:13 Moon Well
03:16 Moon Well
03:42 Ancient of Wonders
04:11 Moon Well
04:27 Moon Well
05:09 Moon Well
05:28 Ancient of Wind
06:50 Tree of Life
07:58 Ancient Protector
08:00 Ancient Protector
08:04 Ancient Protector
10:36 Ancient of War
11:11 Tree of Eternity
12:34 Ancient of Wind
14:12 Chimaera Roost
14:24 Chimaera Roost
15:20 Chimaera Roost
15:23 Moon Well
» items
| Scroll of Town Portal | 1 | |
| Staff of Preservation | 1 | |
| Potion of Healing | 1 | |
| Anti-magic Potion | 1 | |
| Potion of Mana | 1 | |
5 total

»
Gwizbiz (
red | 38 APM | 621 actions | 16:30)
3 Demon Hunter
2 Mana Burn
1 Evasion
» actions
| Assign group hotkey | 13 | |
| Build / train | 52 | |
| Enter build submenu | 18 | |
| Enter hero's abilities submenu | 3 | |
| Remove unit from queue | 1 | |
| Right click | 339 | |
| Select / deselect | 152 | |
| Select group hotkey | 20 | |
| Use ability | 23 | |
621 total
» units
» buildings
| Altar of Elders | 1 | |
| Moon Well | 5 | |
| Ancient of War | 2 | |
| Ancient of Wonders | 1 | |
| Hunter's Hall | 1 | |
| Tree of Ages | 1 | |
| Tree of Life | 1 | |
| Ancient of Wind | 1 | |
| Tree of Eternity | 1 | |
14 total
» build order
00:11 Altar of Elders
00:25 Moon Well
00:51 Ancient of War
01:33 Moon Well
02:56 Ancient of Wonders
03:36 Hunter's Hall
03:59 Moon Well
04:50 Tree of Ages
04:59 Ancient of War
05:38 Moon Well
09:20 Tree of Life
12:03 Ancient of Wind
12:32 Tree of Eternity
13:20 Moon Well
a5aprocky (
teal | 37 APM | 644 actions | 17:28)
4 Mountain King
2 Storm Bolt
2 Bash
2 Paladin
1 Holy Light
1 Divine Shield
1 Archmage
1 Blizzard
» actions
| Basic commands | 1 | |
| Build / train | 67 | |
| Enter build submenu | 33 | |
| Enter hero's abilities submenu | 7 | |
| Remove unit from queue | 3 | |
| Right click | 190 | |
| Select / deselect | 284 | |
| Use ability | 59 | |
644 total
» units
| Peasant | 19 | |
| Footman | 6 | |
| Mortar Team | 13 | |
38 total
» upgrades
| Gunpowder | 2 | |
| Lumber Harvesting | 1 | |
| Fragmentation Shards | 1 | |
4 total
» buildings
| Altar of Kings | 1 | |
| Farm | 12 | |
| Barracks | 1 | |
| Lumber Mill | 1 | |
| Scout Tower | 17 | |
| Guard Tower | 10 | |
| Keep | 1 | |
| Town Hall | 1 | |
| Blacksmith | 1 | |
| Workshop | 2 | |
| Castle | 1 | |
| Arcane Vault | 1 | |
49 total
» build order
00:08 Altar of Kings
00:36 Farm
00:53 Barracks
01:06 Farm
01:37 Lumber Mill
01:44 Farm
02:27 Farm
02:44 Scout Tower
02:46 Scout Tower
02:50 Scout Tower
03:31 Scout Tower
03:37 Guard Tower
03:53 Scout Tower
04:08 Guard Tower
04:32 Guard Tower
04:34 Keep
04:52 Guard Tower
05:19 Town Hall
05:25 Scout Tower
05:39 Scout Tower
05:41 Scout Tower
05:42 Scout Tower
05:43 Scout Tower
05:50 Blacksmith
06:07 Scout Tower
06:28 Guard Tower
06:34 Farm
06:35 Farm
07:14 Guard Tower
07:41 Guard Tower
07:43 Scout Tower
07:44 Scout Tower
08:01 Workshop
08:11 Workshop
08:14 Guard Tower
08:40 Guard Tower
08:44 Scout Tower
08:46 Scout Tower
08:50 Scout Tower
08:52 Scout Tower
09:45 Farm
09:47 Farm
10:23 Castle
10:52 Farm
12:10 Guard Tower
12:39 Arcane Vault
15:38 Farm
15:43 Farm
15:44 Farm
team 2 (winner)
Imbecile (
blue | 39 APM | 854 actions | 22:05)
» actions
| Assign group hotkey | 5 | |
| Basic commands | 13 | |
| Build / train | 78 | |
| Enter build submenu | 70 | |
| Remove unit from queue | 3 | |
| Right click | 238 | |
| Select / deselect | 316 | |
| Select group hotkey | 10 | |
| Use ability | 121 | |
854 total
» units
| Peasant | 24 | |
| Goblin Shredder | 1 | |
| Goblin Zeppelin | 1 | |
| Flying Machine | 4 | |
30 total
» upgrades
| Masonry | 3 | |
| Lumber Harvesting | 2 | |
| Gunpowder | 2 | |
| Plating | 2 | |
| Flak Cannons | 1 | |
| Flying Machine Bombs | 1 | |
11 total
» buildings
| Scout Tower | 61 | |
| Lumber Mill | 3 | |
| Arcane Tower | 1 | |
| Guard Tower | 31 | |
| Farm | 6 | |
| Keep | 1 | |
| Town Hall | 1 | |
| Altar of Kings | 1 | |
| Castle | 1 | |
| Blacksmith | 2 | |
| Workshop | 5 | |
113 total
» build order
00:19 Scout Tower
00:22 Lumber Mill
00:31 Scout Tower
00:33 Scout Tower
00:36 Scout Tower
00:38 Scout Tower
00:47 Arcane Tower
01:34 Guard Tower
01:41 Guard Tower
01:52 Guard Tower
02:01 Farm
02:05 Farm
02:20 Guard Tower
02:44 Scout Tower
02:47 Scout Tower
03:14 Guard Tower
03:15 Guard Tower
04:26 Scout Tower
04:28 Scout Tower
04:30 Scout Tower
04:31 Scout Tower
04:57 Scout Tower
04:58 Scout Tower
04:59 Guard Tower
05:02 Scout Tower
05:03 Scout Tower
05:20 Scout Tower
05:26 Scout Tower
05:27 Scout Tower
05:31 Guard Tower
05:36 Guard Tower
05:40 Farm
05:41 Farm
05:48 Lumber Mill
05:54 Scout Tower
05:54 Scout Tower
05:59 Scout Tower
06:00 Scout Tower
06:04 Scout Tower
06:04 Scout Tower
06:06 Scout Tower
06:07 Scout Tower
06:10 Guard Tower
07:16 Guard Tower
07:22 Guard Tower
07:44 Guard Tower
07:53 Scout Tower
07:54 Scout Tower
07:55 Scout Tower
07:59 Scout Tower
08:01 Scout Tower
08:04 Guard Tower
08:07 Scout Tower
08:11 Scout Tower
08:12 Scout Tower
08:14 Scout Tower
08:17 Scout Tower
08:33 Guard Tower
08:36 Scout Tower
08:36 Scout Tower
08:37 Scout Tower
08:37 Scout Tower
08:42 Scout Tower
08:42 Scout Tower
08:44 Scout Tower
08:52 Scout Tower
08:55 Scout Tower
08:58 Scout Tower
08:59 Scout Tower
09:02 Guard Tower
09:06 Guard Tower
09:13 Guard Tower
09:25 Guard Tower
09:27 Scout Tower
09:29 Guard Tower
09:31 Guard Tower
09:38 Guard Tower
10:12 Scout Tower
10:13 Scout Tower
10:14 Scout Tower
10:20 Guard Tower
10:38 Scout Tower
10:40 Scout Tower
10:42 Scout Tower
10:43 Scout Tower
10:47 Guard Tower
10:51 Scout Tower
10:52 Scout Tower
10:52 Scout Tower
11:01 Scout Tower
11:03 Scout Tower
11:03 Scout Tower
11:27 Keep
11:31 Guard Tower
11:40 Guard Tower
11:45 Guard Tower
12:00 Guard Tower
13:39 Town Hall
14:25 Lumber Mill
14:29 Altar of Kings
16:36 Castle
16:39 Guard Tower
16:41 Guard Tower
17:19 Guard Tower
17:49 Blacksmith
17:50 Blacksmith
19:03 Workshop
19:03 Workshop
19:03 Workshop
19:04 Workshop
19:05 Workshop
19:27 Farm
19:27 Farm
Insignias (
yellow | 136 APM | 3011 actions | 22:04)
4 Blademaster
2 Wind Walk
2 Critical Strike
7 Tauren Chieftain
2 Shockwave
3 Endurance Aura
1 War Stomp
1 Reincarnation
3 Shadow Hunter
1 Healing Wave
2 Hex
» actions
| Assign group hotkey | 28 | |
| Basic commands | 16 | |
| Build / train | 95 | |
| Enter build submenu | 20 | |
| Enter hero's abilities submenu | 15 | |
| Give item / drop item | 2 | |
| Remove unit from queue | 2 | |
| Right click | 1430 | |
| Select / deselect | 400 | |
| Select group hotkey | 912 | |
| Use ability | 91 | |
3011 total
» units
| Peon | 7 | |
| Grunt | 10 | |
| Troll Witch Doctor | 7 | |
| Raider | 8 | |
| Shaman | 1 | |
| Tauren | 4 | |
| Troll Batrider | 2 | |
39 total
» upgrades
| Berserker Strength | 1 | |
| Pillage | 1 | |
| Witch Doctor Training | 2 | |
| Backpack | 1 | |
| Ensnare | 1 | |
| Shaman Training | 2 | |
| Melee Weapons | 1 | |
| Reinforced Defenses | 1 | |
| Pulverize | 1 | |
| Spirit Walker Training | 1 | |
| Spiked Barricades | 1 | |
13 total
» buildings
| Altar of Storms | 1 | |
| Orc Burrow | 5 | |
| Barracks | 1 | |
| Voodoo Lounge | 1 | |
| Stronghold | 1 | |
| Fortress | 1 | |
| Spirit Lodge | 1 | |
| Beastiary | 1 | |
| War Mill | 1 | |
| Tauren Totem | 2 | |
| Great Hall | 1 | |
16 total
» build order
00:05 Altar of Storms
00:08 Orc Burrow
01:02 Barracks
01:27 Voodoo Lounge
01:45 Orc Burrow
02:04 Orc Burrow
02:33 Orc Burrow
03:41 Stronghold
06:38 Fortress
06:40 Spirit Lodge
09:41 Beastiary
13:00 War Mill
14:28 Tauren Totem
15:43 Tauren Totem
15:57 Orc Burrow
21:48 Great Hall
» items
| Healing Salve | 7 | |
| Lesser Clarity Potion | 6 | |
| Boots of Speed | 1 | |
| Scroll of Speed | 4 | |
| Orb of Lightning | 2 | |
| Potion of Healing | 1 | |
21 total

»
anewusername (
orange | 94 APM | 2084 actions | 22:04)
6 Archmage
3 Summon Water Elemental
2 Brilliance Aura
1 Mass Teleport
6 Mountain King
3 Storm Bolt
3 Thunder Clap
» actions
| Assign group hotkey | 49 | |
| Basic commands | 133 | |
| Build / train | 94 | |
| ESC pressed | 3 | |
| Enter build submenu | 41 | |
| Enter hero's abilities submenu | 14 | |
| Give item / drop item | 4 | |
| Remove unit from queue | 8 | |
| Right click | 941 | |
| Select / deselect | 419 | |
| Select group hotkey | 160 | |
| Use ability | 218 | |
2084 total
» units
| Peasant | 12 | |
| Rifleman | 12 | |
| Mortar Team | 2 | |
| Siege Engine | 5 | |
31 total
» upgrades
| Long Rifles | 1 | |
| Masonry | 2 | |
| Lumber Harvesting | 2 | |
| Gunpowder | 2 | |
| Armor | 2 | |
| Fragmentation Shards | 1 | |
| Barrage | 1 | |
| Flare | 1 | |
| Swords | 0 | |
12 total
» buildings
| Farm | 10 | |
| Altar of Kings | 1 | |
| Barracks | 1 | |
| Blacksmith | 3 | |
| Keep | 3 | |
| Lumber Mill | 3 | |
| Town Hall | 2 | |
| Scout Tower | 4 | |
| Guard Tower | 4 | |
| Arcane Vault | 1 | |
| Workshop | 11 | |
| Castle | 3 | |
| Cannon Tower | 1 | |
47 total
» build order
00:07 Farm
00:08 Altar of Kings
00:43 Farm
01:08 Farm
01:11 Farm
01:34 Barracks
01:53 Blacksmith
03:03 Keep
03:03 Keep
04:06 Farm
04:08 Farm
04:54 Lumber Mill
05:34 Town Hall
05:56 Scout Tower
05:57 Scout Tower
06:52 Guard Tower
06:56 Scout Tower
07:27 Guard Tower
07:28 Scout Tower
08:12 Arcane Vault
09:39 Workshop
09:40 Workshop
09:45 Workshop
10:15 Farm
10:15 Farm
10:15 Farm
10:16 Farm
12:19 Castle
12:19 Castle
12:20 Castle
12:46 Town Hall
14:35 Lumber Mill
14:37 Lumber Mill
15:44 Cannon Tower
19:01 Blacksmith
19:02 Workshop
19:09 Blacksmith
20:41 Workshop
20:43 Workshop
20:45 Workshop
20:46 Workshop
20:50 Workshop
20:52 Workshop
20:53 Workshop
» items
| Circlet of Nobility | 1 | |
| Potion of Healing | 1 | |
| Scroll of Town Portal | 1 | |
| Scroll of Regeneration | 1 | |
| Lesser Clarity Potion | 1 | |
| Potion of Mana | 1 | |
6 total

»
fgbdghufc (
pink | 24 APM | 538 actions | 22:04)
3 Firelord
1 Summon Lava Spawn
2 Incinerate
3 Dark Ranger
2 Life Drain
1 Black Arrow
» actions
| Basic commands | 115 | |
| Build / train | 67 | |
| ESC pressed | 1 | |
| Enter build submenu | 17 | |
| Enter hero's abilities submenu | 7 | |
| Right click | 2 | |
| Select / deselect | 260 | |
| Use ability | 69 | |
538 total
» units
| Wisp | 21 | |
| Archer | 2 | |
| Huntress | 2 | |
| Druid of the Claw | 7 | |
| Dryad | 6 | |
| Glaive Thrower | 3 | |
41 total
» upgrades
| Ultravision | 1 | |
| Improved Bows | 1 | |
| Druid of the Claw Training | 2 | |
| Abolish Magic | 1 | |
| Strength of the Wild | 2 | |
| Mark of the Claw | 1 | |
| Vorpal Blades | 1 | |
| Well Spring | 1 | |
| Strength of the Moon | 1 | |
11 total
» buildings
| Moon Well | 8 | |
| Altar of Elders | 1 | |
| Ancient of War | 2 | |
| Tree of Ages | 1 | |
| Ancient of Wonders | 1 | |
| Hunter's Hall | 1 | |
| Ancient of Lore | 2 | |
| Tree of Eternity | 1 | |
| Tree of Life | 1 | |
18 total
» build order
00:21 Moon Well
00:44 Altar of Elders
01:31 Ancient of War
01:49 Moon Well
03:03 Tree of Ages
03:09 Ancient of Wonders
03:15 Hunter's Hall
03:19 Ancient of War
05:56 Ancient of Lore
06:00 Ancient of Lore
06:41 Moon Well
06:43 Moon Well
08:55 Tree of Eternity
09:47 Tree of Life
09:53 Moon Well
10:23 Moon Well
10:40 Moon Well
18:50 Moon Well
» items
| Lesser Clarity Potion | 3 | |
| Scroll of Protection | 2 | |
5 total
Chat log
(05:24 / Allies) anewusername: can i have mantle
(05:28 / Allies) anewusername: ty
(05:32 / Allies) Insignias: i'll take
(05:34 / Allies) Insignias: slippers
(05:40 / Allies) Insignias: ty
(06:23 / Allies) anewusername: wood?
(12:33 / Allies) anewusername: wood?
(13:00 / Allies) anewusername: lol 2v4?
(13:51 / All) RaChAcUcA: RED TP
(13:58 / Allies) anewusername: hero
(15:28 / All) RaChAcUcA: WOOD PLZ
(17:05 / All) anewusername: oh ggod the slaughter
(18:11 / Allies) anewusername: gold?
(18:18 / All) Imbecile: guard the chokes, secure the win!
(18:33 / Allies) anewusername: ty
(21:59 / All) RaChAcUcA: FUCK TEAM NOOB